AoeStats
← TVHG.- TheCuervo

African Clearing

510581404Analyzed
3v3 RM · 12h ago on Oct 1, 2026· 28m 22s· 6 players
Game mode
Random Map
Map size
Normal (6 player)
Population
200
Speed
Normal
Resources
Standard
Victory
Conquest
Starting age
Dark Age
Ending age
Imperial Age
RankedLock teamsTeams togetherTeam positionsShared explorationLock speedFull tech treeHidden civsTurbo modeCheats
Victory
Defeat
🇨🇿 Romans · Czechia
1474
+15
🇨🇿 Mongols · Czechia
1359
+19
🇨🇿 Portuguese · Czechia
1356
+19
🇵🇪 Khmer · Peru
1504
-20
🇦🇷 Aztecs · Argentina
1424
-17
🇦🇷 Vietnamese · Argentina
1382
-16
Kapitan_Flafik_cz
3:15 Loom
12:02 Feudal Age
12:54 Double-Bit Axe
18:50 Castle Age
18:41 Bloodlines
23:47 Scale Barding Armor
24:11 Husbandry
28:51 Forging
Venom_CZE
10:18 Loom
12:25 Feudal Age
12:41 Man-at-Arms
14:20 Forging
14:41 Double-Bit Axe
14:53 Horse Collar
17:15 Wheelbarrow
22:01 Castle Age
20:23 Scale Mail Armor
21:37 Gold Mining
23:02 Chain Mail Armor
22:48 Squires
23:38 Bow Saw
23:11 Long Swordsman
24:57 Town Watch
gg_Karlinx
2:50 Loom
7:59 Loom
11:54 Feudal Age
12:40 Double-Bit Axe
14:34 Wheelbarrow
21:25 Castle Age
19:29 Horse Collar
19:42 Gold Mining
22:53 Scale Barding Armor
23:06 Bloodlines
TVHG.Phraymus
4:13 Loom
13:42 Feudal Age
15:47 Double-Bit Axe
20:15 Castle Age
TVHG.llavero maldito
7:59 Loom
14:24 Feudal Age
18:02 Castle Age
20:08 Double-Bit Axe
21:58 Sanctity
23:09 Fervor
23:26 Gold Mining
24:29 Redemption
TVHG.- TheCuervo
4:25 Loom
16:24 Feudal Age
17:11 Double-Bit Axe
17:20 Gold Mining
20:07 Castle Age
17:55 Horse Collar
18:11 Fletching
19:37 Town Watch
19:52 Padded Archer Armor
23:39 Wheelbarrow
25:11 Bodkin Arrow
25:35 Stone Mining
27:02 Leather Archer Armor
Connection lost

Rejoining the realm…

Still unreachable

The connection could not be restored.

Session expired

The server has moved on; the page needs a fresh start.